 Dungeon Crawl Stone Soup version 0.27.1-33-g824d729ab1 (webtiles) character file.

Game seed: 5927197602187174207

261 lordive the Stinger (level 6, -1/36 HPs)
             Began as an Octopode Venom Mage on Dec 26, 2021.
             Slain by Dowan (6 damage)
             ... on level 5 of the Dungeon.
             The game lasted 00:11:23 (4422 turns).

lordive the Stinger (Octopode Venom Mage)           Turns: 4422, Time: 00:11:24

Health: -1/36      AC:  1    Str:  8    XL:     6   Next: 18%
Magic:  9/12       EV: 13    Int: 19    God:
Gold:   123        SH:  0    Dex: 12    Spells: 9/13 levels left

rFire    . . .     SeeInvis .   (no weapon)
rCold    . . .     Faith    .   (no shield)
rNeg     . . .     Spirit   .   (helmet restricted)
rPois    .         Reflect  .   h - amulet of magic regeneration
rElec    .         Harm     .   k - ring of willpower
rCorr    .         Rampage  .   (no ring)
Will     +....                  (no ring)
Stlth    +++.......             (no ring)
HPRegen  0.12/turn              (no ring)
MPRegen  0.38/turn              (no ring)
                                (no ring)
                                (no ring)

@: lethally poisoned (-1 -> -8), very slightly contaminated
A: almost no armour, amphibious, 8 rings, camouflage 1, gelatinous body 1,
(nimble swimmer 1), tentacles
a: no special abilities


You were on level 5 of the Dungeon.
You visited 1 branch of the dungeon, and saw 5 of its levels.

You collected 123 gold pieces.

Inventory:

Jewellery
 b - an amulet of regeneration
 h - an amulet of magic regeneration (around mantle)
 k - a ring of willpower (left tentacle)
Scrolls
 c - 2 scrolls of amnesia {unknown}
 d - a scroll of magic mapping {unknown}
 e - 4 scrolls of identify {unknown}
 g - a scroll of noise {unknown}
 j - a scroll of fear {unknown}
Potions
 a - 4 potions of curing {unknown}
 f - a potion of magic {unknown}
 i - a potion of berserk rage {unknown}


   Skills:
 * Level 0.2 Fighting
 + Level 2.8 Dodging
 + Level 3.1 Stealth
 + Level 0.4 Unarmed Combat
 + Level 4.1 Spellcasting
 * Level 0.6 Conjurations
 + Level 2.4 Transmutations
 + Level 4.5 Poison Magic


You had 9 spell levels left.
You knew the following spells:

 Your Spells              Type           Power      Damage    Failure   Level
a - Sting                 Tmut/Pois      68%        1d6       3%          1
b - Mephitic Cloud        Conj/Pois/Air  10%        N/A       21%         3

Your spell library contained the following spells:

 Spells                   Type           Power      Damage    Failure   Level
 Poisonous Vapours        Pois/Air       24%        N/A       9%          2
 Corpse Rot               Necr/Air       N/A        N/A       21%         2
 Olgreb's Toxic Radiance  Pois           21%        N/A       21%         4
 Dazzling Flash           Conj/Hex       10%        N/A       34%         3
 Agony                    Necr           3%         N/A       98%         5
 Freezing Cloud           Conj/Ice/Air   2%         6-21      98%         5
 Silence                  Hex/Air        1%         N/A       98%         5


Dungeon Overview and Level Annotations

Branches:
Dungeon (5/15)
 Temple: D:4-7

Altars:
Ashenzari
Dithmenos
Uskayaw
Zin

Shops:
D:2 (   D:3 !

Annotations:
D:5 Dowan, Duvessa


Innate Abilities, Weirdness & Mutations

You cannot wear most types of armour.
You are amphibious.
You can wear up to eight rings at the same time.
Your skin changes colour to match your surroundings (Stealth+).
Your rubbery body absorbs attacks. (AC +1, EV +1)
((You are camouflaged near water. (Stealth+)))
You have tentacles for arms and can constrict up to eight enemies at once.


Message History

Duvessa hits you with a +1 short sword of venom!
You are poisoned.
You feel very sick.
Duvessa says, "I don't care about looks, I care about technique!"
You feel sick.
You feel sick.
You feel sick.
You feel sick.
You feel sick.
You feel sick.
You feel sick.
You feel sick.
You feel sick.
You are no longer poisoned.
Duvessa looks more healthy.
Found 23 stones.
Duvessa says, "My weaknesses are his strengths!"
Duvessa says, "Where magic fails, the sword succeeds!"
Duvessa gestures with her weapon.
Duvessa completely misses you.
Found 12 arrows.
Dowan gestures wildly while chanting.
Dowan blinks!
Dowan misses you.
Dowan hits you with a +2 dagger of venom.
* * * LOW HITPOINT WARNING * * *
You are lethally poisoned!
Casting: Sting (safe; 3% risk of failure)
Confirm with . or Enter, or press ? or * to list all spells.
The spell is quite dangerous to cast (21% risk of failure)!
Continue anyway?
Aiming: Mephitic Cloud (quite dangerous; 21% risk of failure)
Press: ? - help, Shift-Dir - straight line, f/p - Duvessa
Aim: Duvessa, wielding a +1 short sword of venom and wearing a +0 ring mail (heavily wounded, chance to affect: 81%)
You miscast Mephitic Cloud.
You are very lightly contaminated with residual magic.
Nothing appears to happen.
* * * LOW HITPOINT WARNING * * *
You feel very sick.
Dowan hits you with a +2 dagger of venom.
You die...

# #.##...O.e.......#
#..#.#####.....#.#
##.#.# #.##### #.#e#
#... ### #.#.# #... ..#
#.#.# #.### .# #.###
#.#.#####.####..# ....#
#.#....O.e.(..(.##
###.###.######.e@.......
# #.....# #...###....
###(##### ##### . ....#
#.### #.##### ......#
#####.# .....


You could see Duvessa, an ogre and Dowan.

Vanquished Creatures
  An ogre (D:3)
  An orc wizard (D:4)
  4 gnolls
  4 adders
  An adder skeleton (D:2)
  8 orcs
  6 bats
  4 endoplasms
  5 giant cockroaches (D:1)
  3 goblins
  5 hobgoblins
  4 jackals (D:2)
  2 quokkas
  6 ball pythons
  A frilled lizard (D:1)
  5 kobolds
  6 rats
66 creatures vanquished.

Notes
Turn   | Place    | Note
-------+----------+-------------------------------------------
     0 | D:1      | lordive the Octopode Venom Mage began the quest for the
                  | Orb.
     0 | D:1      | Reached XP level 1. HP: 11/11 MP: 3/3
   349 | D:1      | Reached XP level 2. HP: 17/17 MP: 3/5
  1213 | D:1      | Reached XP level 3. HP: 21/21 MP: 4/6
  1353 | D:2      | Learned a level 3 spell: Mephitic Cloud
  1400 | D:2      | Found Geaffic's Weapon Shop.
  1524 | D:2      | Found a shadowy altar of Dithmenos.
  1750 | D:2      | Reached XP level 4. HP: 26/27 MP: 5/8
  2616 | D:3      | Noticed an ogre
  2642 | D:3      | Killed an ogre
  2643 | D:3      | Reached XP level 5. HP: 24/31 MP: 8/10
  2776 | D:3      | Found Pithrayhe's Distillery.
  2882 | D:3      | Found a glowing silver altar of Zin.
  3070 | D:3      | Found a hide-covered altar of Uskayaw.
  3437 | D:4      | Reached XP level 6. HP: 16/36 MP: 7/12
  3612 | D:4      | Noticed an ice beast
  4255 | D:5      | Entered Level 5 of the Dungeon
  4255 | D:5      | Found a broken altar of Ashenzari.
  4363 | D:5      | Noticed Dowan
  4377 | D:5      | Noticed Duvessa
  4422 | D:5      | Slain by Dowan

Illustrated notes

Levels and vault maps discovered:
D:1:      minmay_arrival_stair_chambers, layout_basic
D:2:      layout_rooms, serial_shops, nicolae_shop_trees, basic_altar,
          chequers_serial_rivers_micro_a, amethyst_killhole
D:3:      layout_rooms, old_standard_altar, mainiacjoe_overflow_surrounded_room,
          serial_shops, shop
D:4:      layout_layer_cave, vehumet_crystals, sigmund_edmund_badplayer
D:5:      layout_loops_ring, nicolae_ashenzari_panopticon, uniq_prince_ribbit1,
          uniq_duvessa

Skill      XL: |  1  2  3  4  5 |
---------------+----------------+-----
Poison Magic   | 4 |  4.5
Spellcasting   | 3 4 |  4.1
Transmutations | 2 |  2.4
Stealth        | 3 |  3.1
Fighting       | |  0.2
Dodging        | |  2.8
Unarmed Combat | |  0.4
Conjurations   | |  0.6

Action                   |  1- 3 |  4- 6 || total
-------------------------+-------+-------++-------
Melee: Unarmed           |    17 |       ||    17
       Constrict         |     5 |       ||     5
       Tentacles         |     2 |       ||     2
 Cast: Sting             |    54 |    83 ||   137
Armor: Skin              |     6 |     4 ||    10
Dodge: Dodged            |    32 |    40 ||    72
